 Dungeon Crawl Stone Soup version 0.19-a0-1678-g8ce114c (webtiles) character file.

67 Deemzul the Skirmisher (level 3, 0/29 HPs)
             Began as a Demonspawn Fighter on Sept 24, 2016.
             Slain by Terence
             ... wielding a +1 trident of pain
              (1 damage)
             ... on level 2 of the Dungeon.
             The game lasted 00:01:27 (815 turns).

Deemzul the Skirmisher (Demonspawn Fighter)          Turns: 815, Time: 00:01:28

Health: 0/29       AC:  7    Str: 16    XL:     3   Next: 98%
Magic:  3/3        EV:  6    Int:  9    God:
Gold:   43         SH:  9    Dex: 13    Spells: 0 memorised, 2 levels left

rFire  . . .     SeeInvis .     a - +0 long sword
rCold  . . .     Gourm    .     b - +0 scale mail
rNeg   . . .     Faith    .     c - +0 shield
rPois  .         Spirit   .     i - +0 helmet
rElec  .         Dismiss  .     (no cloak)
rCorr  .         Reflect  .     (no gloves)
MR     .....     Harm     .     (no boots)
Stlth  +.........               (no amulet)
                                (no ring)
                                (no ring)

@: no status effects
A: claws 1, nightstalker 1
a: no special abilities


You were on level 2 of the Dungeon.
You were not hungry.

You visited 1 branch of the dungeon, and saw 2 of its levels.

You collected 43 gold pieces.

Inventory:

Hand Weapons
 a - a +0 long sword (weapon)
Armour
 b - a +0 scale mail (worn)
 c - a +0 shield (worn)
 i - a +0 helmet (worn)
Scrolls
 j - a scroll of identify {unknown}
 k - a scroll of amnesia {unknown}
 l - 2 scrolls of enchant armour {unknown}
 m - 3 scrolls of remove curse {unknown}
 n - a scroll of immolation {unknown}
Potions
 d - a potion of might
 e - a potion of magic {unknown}
Comestibles
 f - 3 bread rations
 g - a slice of pizza


   Skills:
 + Level 3.2 Fighting
 * Level 2.9 Long Blades
 + Level 3.0 Armour
 + Level 0.4 Stealth
 + Level 3.1 Shields


You had 2 spell levels left.
You didn't know any spells.

Dungeon Overview and Level Annotations

Branches:
Dungeon (2/15)

Altars:

Annotations:
D:2 Terence


Innate Abilities, Weirdness & Mutations

You have sharp fingernails.
You are slightly more attuned to the shadows.


Message History

You closely miss Terence.
Terence is moderately wounded.
Terence hits you but does no damage.
Your shield and scale mail prevent you from hitting Terence.
Terence is moderately wounded.
You block Terence's attack.
You closely miss Terence.
Terence is moderately wounded.
Terence hits you but does no damage.
You writhe in agony.
* * * LOW HITPOINT WARNING * * *
You hit Terence but do no damage.
Terence is moderately wounded.
Terence hits you but does no damage.
You hit Terence but do no damage.
Terence is moderately wounded.
Terence hits you with a trident of pain.
* * * LOW HITPOINT WARNING * * *
Terence hits you but does no damage. Terence hits you but does no damage.
You writhe in agony.
You die...

##.........# ##..........#
####### ###### ###...........#
#...... .....# #...#.........#
#...... .....# #.###.........#
#...... .....####.#
#####.#########...(..
.....##...####...@...............
........##.....#†##########......
.....####..#####@# .......
..........## ###.##### #......
..........####......... #######
..................#####
.....###........#############
..#####..##......†.††.......###
#..#####.##..##.######........#
##. ...#.###......#..†.######.##
#.....#####.#..)#### #..##


You could see Terence.

Vanquished Creatures
  2 adders (D:2)
  A worm (D:2)
  3 leopard geckos
  5 hobgoblins
  8 jackals
  7 kobolds
  A ball python (D:1)
  6 bats
  3 frilled lizards
  A goblin (D:1)
  3 rats
40 creatures vanquished.

Vanquished Creatures (others)
  4 toadstools (D:1)
4 creatures vanquished.

Grand Total: 44 creatures vanquished

Notes
Turn   | Place    | Note
-------+----------+-------------------------------------------
     0 | D:1      | Deemzul the Demonspawn Fighter began the quest for the Orb.
     0 | D:1      | Reached XP level 1. HP: 18/18 MP: 1/1
    96 | D:1      | Gained mutation: You have sharp fingernails. [demonic ancestry]
    96 | D:1      | Reached XP level 2. HP: 12/24 MP: 2/2
   566 | D:2      | Gained mutation: You are slightly more attuned to the shadows. [demonic ancestry]
   566 | D:2      | Reached XP level 3. HP: 29/29 MP: 3/3
   777 | D:2      | Noticed Terence
   814 | D:2      | HP: 1/29 [Terence/trident of pain (3)]
   815 | D:2      | Slain by Terence

Vault maps used:
D:1:      ldierk_water_garden
D:2:      nicolae_ru_path_of_blood, first_bread, uniq_terence

Skill      XL: |  1  2  3 |
---------------+----------+-----
Long Blades    | 2 |  2.9
Shields        | 3 |  3.1
Armour         | 3 |  3.0
Fighting       | |  3.2
Stealth        | |  0.4

Action                   || total
-------------------------++-------
Melee: Long sword        ||   184
  Use: Potion            ||     3
 Stab: Sleeping          ||     1
Armor: Scale mail        ||   101
Dodge: Dodged            ||    55
Block: Shield            ||   105
